 Dungeon Crawl Stone Soup version 0.17.0 (webtiles) character file.

1117 Ultraviolent4 the Conjurer (level 8, 0/69 HPs)
             Began as a High Elf Earth Elementalist on Nov 19, 2015.
             Slain by Pikel
             ... wielding a +2 whip of electrocution
              (14 damage)
             ... on level 7 of the Dungeon.
             The game lasted 00:13:36 (6534 turns).

Ultraviolent4 the Conjurer (HEEE)                   Turns: 6534, Time: 00:13:36

Health: 0/69       AC: 24    Str:  7    XL:     8   Next: 12%
Magic:  16/17      EV:  2    Int: 22    God:
Gold:   332        SH:  0    Dex: 15    Spells: 2 memorised, 14 levels left

rFire  . . .     SeeInvis +     a - +3 dagger (elec)
rCold  . . .     Clarity  .     (armour currently unavailable)
rNeg   + + +     SustAt   .     (no shield)
rPois  +         Gourm    .     (helmet currently unavailable)
rElec  .         Spirit   .     (cloak currently unavailable)
rCorr  .         Warding  .     (gloves currently unavailable)
rMut   .         NoTele   +     (boots currently unavailable)
MR     .....                    (no amulet)
Stlth  +.........               (no ring)
                                f - ring of see invisible

@: confused, tree-form, very slightly contaminated, not resistant to hostile
enchantments, very unstealthy
A: no striking features
a: no special abilities


You were on level 7 of the Dungeon.
You were near starving.
You were a tree.
You visited 1 branch of the dungeon, and saw 7 of its levels.

You collected 332 gold pieces.

Inventory:

Hand Weapons
 a - a +3 dagger of electrocution (weapon)
 d - a +5 mace of draining
 w - a +0 blowgun
Missiles
 b - 179 stones (quivered)
 r - 15 poisoned needles
Armour
 s - a +0 leather armour (melded)
Jewellery
 f - a ring of see invisible (left branch)
Wands
 n - a wand of frost (15)
 B - a wand of magic darts (17)
Scrolls
 i - a scroll of blinking
 j - a scroll of enchant weapon
 o - 2 scrolls of identify
 p - a scroll of enchant armour {unknown}
 v - a scroll of random uselessness {unknown}
 y - a scroll of recharging
 A - 2 scrolls of teleportation {unknown}
Potions
 e - a potion of cancellation
 g - 2 potions of lignification
 h - a potion of ambrosia
 k - a potion of invisibility {unknown}
 m - 3 potions of agility
 q - a potion of degeneration {unknown}
 t - 3 potions of might
 u - 3 potions of haste
 x - a potion of flight {unknown}
 z - a potion of curing {unknown}
Books
 c - a book of Geomancy

   Spells                             Type                      Level
   a - Sandblast                      Earth                        1
   b - Stoneskin                      Transmutation/Earth          2
   c - Passwall                       Transmutation/Earth          3
   d - Stone Arrow                    Conjuration/Earth            3
   e - Petrify                        Transmutation/Earth          4
   f - Lee's Rapid Deconstruction     Earth                        5
 C - a book of Beasts

   Spells                             Type                      Level
   a - Summon Butterflies             Summoning                    1
   b - Call Canine Familiar           Summoning                    3
   c - Summon Ice Beast               Ice/Summoning                4
   d - Summon Mana Viper              Hexes/Summoning              5
   e - Summon Hydra                   Summoning                    7
Comestibles
 l - a meat ration


   Skills:
 * Level 3.2 Short Blades
 - Level 1.7 Maces & Flails
 + Level 5.5 Dodging
 - Level 2.1 Stealth
 + Level 5.6 Spellcasting
 * Level 6.0 Conjurations
   Level 1.1 Transmutations
 - Level 2.4 Earth Magic


You had 14 spell levels left.
You knew the following spells:

 Your Spells              Type           Power        Failure   Level  Hunger
a - Sandblast             Erth           ###...       4%          1    None
b - Stone Arrow           Conj/Erth      ###...       6%          3    ##.....


Dungeon Overview and Level Annotations

Branches:
Dungeon (7/15)
 Temple: D:4-7

Altars:
Elyvilon
Fedhas
Gozag
Okawaru
Qazlal
Vehumet
Zin
The Shining One

Shops:
D:5 (}

Annotations:
D:7 Pikel


Message History

The slave hits you.
* * * LOW HITPOINT WARNING * * *
Drink which item? (? for menu, Esc to quit)
It was a potion of ambrosia.
You are confused.
You feel invigorated. The slave completely misses you.
Pikel hits you with a whip of electrocution.
* * * LOW HITPOINT WARNING * * *
The slave barely misses you.
Drink which item? (? for menu, Esc to quit)
You turn into a tree.
Your +0 leather armour melds into your body.
Your roots penetrate the ground.
The slave hits you but does no damage. Pikel hits you but does no damage.
The slave completely misses you.
You cannot move. (Use ctrl+direction to attack without moving.) Drink which item? (? for menu, Esc to quit)
Okay, then.
You swing at nothing.
The slave hits you but does no damage. Pikel hits you but does no damage.
You are electrocuted!
You die...

.8. 8. .. 8.##..
### ....#+# #..
..#.#.# #.#
#.#.#.# #.#
#p#.#.. #.#
#.##♣#.#[#### #.#
#...pK.#.##.# #.#
#####.##....#
#.#####
#..#.##.###......
##?#.##....#####.
#...#####'## #.
##..##.....####.
#..##.....+..<.
##>##.....###..


You could see Pikel and 2 slaves.

Vanquished Creatures
  A hungry ghost (D:7)
  A sky beast (D:5)
  A phantom (D:6)
  A centaur (D:6)
  2 scorpions
  A jelly (D:5)
  A crimson imp (D:5)
  2 giant frog skeletons
  An orc wizard (D:6)
  An orc priest (D:5)
  A centaur skeleton (D:4)
  2 hounds
  6 worker ants
  2 hound zombies
  6 adders
  3 oozes
  An adder skeleton (D:5)
  2 worms (D:2)
  6 giant geckos
  14 orcs
  7 hobgoblins
  8 kobolds
  5 bats
  5 giant cockroaches
  2 giant newts
  4 goblins
  11 jackals
  A quokka skeleton (D:6)
  8 rats
106 creatures vanquished.

Notes
Turn   | Place    | Note
--------------------------------------------------------------
     0 | D:1      | Ultraviolent4 the High Elf Earth Elementalist began the quest for the Orb.
     0 | D:1      | Reached XP level 1. HP: 11/11 MP: 4/4
   153 | D:1      | Reached XP level 2. HP: 17/17 MP: 1/6
   264 | D:1      | Reached skill level 3 in Spellcasting
   845 | D:2      | Found a stormy altar of Qazlal.
   889 | D:2      | Reached XP level 3. HP: 8/21 MP: 1/8
   894 | D:2      | Learned a level 3 spell: Stone Arrow
  1347 | D:2      | Reached skill level 1 in Conjurations
  1550 | D:2      | Found a blossoming altar of Fedhas.
  1550 | D:2      | Found an iron altar of Okawaru.
  1987 | D:3      | Reached XP level 4. HP: 27/27 MP: 10/10
  2568 | D:3      | Found a glowing silver altar of Zin.
  2571 | D:3      | Found a white marble altar of Elyvilon.
  2572 | D:3      | Found a glowing golden altar of the Shining One.
  3035 | D:3      | Reached skill level 4 in Spellcasting
  3158 | D:3      | Found an opulent altar of Gozag.
  3226 | D:4      | Reached XP level 5. HP: 31/31 MP: 5/12
  3683 | D:4      | Reached XP level 6. HP: 26/36 MP: 1/13
  3817 | D:5      | Entered Level 5 of the Dungeon
  3894 | D:5      | Found Feugham's Gadget Shop.
  3906 | D:5      | Found a radiant altar of Vehumet.
  3918 | D:5      | Reached skill level 1 in Maces & Flails
  4710 | D:5      | Found Roceh's Weapon Shoppe.
  5117 | D:5      | Reached XP level 7. HP: 41/41 MP: 8/15
  5246 | D:5      | Reached skill level 5 in Dodging
  5246 | D:5      | Reached skill level 5 in Spellcasting
  5553 | D:6      | Reached skill level 5 in Conjurations
  5681 | D:6      | Reached skill level 1 in Short Blades
  6447 | D:7      | Reached skill level 6 in Conjurations
  6447 | D:7      | Reached XP level 8. HP: 25/46 MP: 11/17
  6521 | D:7      | Noticed Pikel
  6534 | D:7      | Slain by Pikel

Action                   |  1- 3 |  4- 6 |  7- 9 || total
-------------------------+-------+-------+-------++-------
Melee: Mace              |    39 |    98 |    22 ||   159
       Dagger            |       |       |    49 ||    49
 Cast: Sandblast         |    26 |       |       ||    26
       Stone Arrow       |     8 |    37 |    24 ||    69
  Use: Scroll            |     5 |     9 |     1 ||    15
       Potion            |       |       |     3 ||     3
 Stab: Sleeping          |     4 |     1 |       ||     5
       Distracted        |     1 |       |       ||     1
  Eat: Chunk             |     4 |     9 |     4 ||    17
       Bread ration      |       |     1 |       ||     1
       Fruit             |       |       |     1 ||     1
       Beef jerky        |       |       |     1 ||     1
